AoeStats
← AgeOfWootch

Oasis

508512344Analyzed
3v3 RM · 11d ago on Sep 22, 2026· 21m 35s· 6 players
Game mode
Random Map
Map size
Normal (6 player)
Population
200
Speed
Normal
Resources
Standard
Victory
Conquest
Starting age
Dark Age
Ending age
Imperial Age
RankedLock teamsTeams togetherTeam positionsShared explorationLock speedFull tech treeHidden civsTurbo modeCheats
Victory
Defeat
🇩🇪 Khmer · Germany
1220
+13
🇩🇪 Random · Germany
1078
+18
🇩🇪 Random · Germany
1075
+18
🇩🇪 Ethiopians · Germany
1175
-18
🇩🇿 Celts · Algeria
1145
-17
🇵🇹 Britons · Portugal
1084
-14
Dabbler
6:26 Loom
8:50 Feudal Age
10:47 Double-Bit Axe
12:32 Bloodlines
12:52 Horse Collar
19:26 Castle Age
18:11 Forging
18:59 Wheelbarrow
19:50 Scale Barding Armor
20:42 Bow Saw
20:58 Heavy Plow
AgeOfWootch
10:33 Feudal Age
14:02 Castle Age
12:08 Double-Bit Axe
13:31 Horse Collar
17:12 Loom
18:23 Bow Saw
Cool Dog
6:25 Loom
9:17 Feudal Age
9:21 Man-at-Arms
11:56 Double-Bit Axe
22:47 Castle Age
opA_Force
11:26 Feudal Age
14:24 Horse Collar
15:26 Loom
18:22 Castle Age
16:50 Double-Bit Axe
19:29 Bow Saw
Dine'nDash
7:24 Loom
11:18 Feudal Age
12:38 Horse Collar
14:09 Double-Bit Axe
18:01 Castle Age
17:32 Scale Mail Armor
19:19 Bow Saw
19:13 Heavy Plow
bixo
6:45 Loom
9:21 Feudal Age
13:29 Double-Bit Axe
19:11 Castle Age
Connection lost

Rejoining the realm…

Still unreachable

The connection could not be restored.

Session expired

The server has moved on; the page needs a fresh start.